 Dungeon Crawl Stone Soup version 0.19-a0-628-g9200b3b (webtiles) character file.

331 Ijustatesigmund the Vandal (level 6, -1/44 HPs)
             Began as a Halfling Hunter on June 13, 2016.
             Slain by a centaur (8 damage)
             ... on level 5 of the Dungeon.
             The game lasted 00:10:25 (2675 turns).

Ijustatesigmund the Vandal (Halfling Hunter)        Turns: 2675, Time: 00:10:25

Health: -1/44      AC:  6    Str: 12    XL:     6   Next: 82%
Magic:  6/6        EV: 20    Int: 10    God:
Gold:   66         SH:  5    Dex: 22    Spells: 0 memorised, 5 levels left

rFire  . . .     SeeInvis .     b - +1 short sword
rCold  + . .     Gourm    .     e - +3 leather armour {rC+}
rNeg   . . .     Faith    .     (shield restricted)
rPois  .         Spirit   .     (no helmet)
rElec  .         Dismiss  .     (no cloak)
rCorr  .         Reflect  +     (no gloves)
SustAt .         Harm     .     (no boots)
MR     .....                    i - +5 amulet of reflection
Stlth  +++.......               (no ring)
                                (no ring)

@: agile, not resistant to hostile enchantments, fairly stealthy
A: mutation resistance 1
a: no special abilities


You were on level 5 of the Dungeon.
You were not hungry.

You visited 1 branch of the dungeon, and saw 5 of its levels.

You collected 66 gold pieces.

Inventory:

Hand Weapons
 a - a +1 hunting sling
 b - a +1 short sword (weapon)
Missiles
 d - 40 sling bullets
 h - 48 stones (quivered)
Armour
 e - a +3 leather armour of cold resistance (worn)
Jewellery
 i - a +5 amulet of reflection (around neck)
Scrolls
 c - a scroll of identify
 m - a scroll of remove curse
Comestibles
 f - a bread ration
 j - a meat ration


   Skills:
 + Level 4.5 Fighting
 + Level 5.6 Short Blades
 - Level 5.8 Slings
 - Level 2.1 Dodging
 - Level 1.1 Stealth


You had 5 spell levels left.
You didn't know any spells.

Dungeon Overview and Level Annotations

Branches:
Dungeon (5/15)
 Temple: D:4-7

Altars:
Cheibriados
Hepliaklqana
Qazlal
Xom
The Shining One

Annotations:
D:3 Grinder
D:4 Menkaure


Innate Abilities, Weirdness & Mutations

You are small and have problems with some larger weapons.
You are somewhat resistant to further mutation.


Message History

The centaur shoots an arrow.
The arrow hits you!
* * * LOW HITPOINT WARNING * * *
You are too injured to fight recklessly!
You are too injured to fight recklessly!
You are too injured to fight recklessly!
You are too injured to fight recklessly!
You are too injured to fight recklessly!
You are too injured to fight recklessly!
You are too injured to fight recklessly!
An orc comes into view. It is wielding an enchanted dagger.
The orc wizard shouts!
The centaur unwields an uncursed shortbow.
The centaur hits you but does no damage.
You hit the centaur.
The centaur is heavily wounded.
The centaur closely misses you.
You hit the centaur.
The centaur is severely wounded.
The centaur hits you!
You die...

#...##.......#####......#
#....#.......#...#......#
#....#.......#...#......#
#....#.......#...'......#
+....#.......#...#......#
#....#.......#...#......#
######.......#####......#
.....#####(#.....####
.....#....@#.....#
#....c'.....#
#.....#.....#
#..##?#....o≈≈≈ #..
#.####o≈†.. ... ...
≈.§... $... ... ≈..§..
... .... .§§§ ..... ...


You could see a centaur, an orc wizard and an orc.

Vanquished Creatures
  An ice beast (D:5)
  An ogre (D:4)
  A hound (D:4)
  A hound zombie (D:5)
  7 adders
  An ooze (D:2)
  A worm (D:2)
  3 giant geckos
  2 orcs (D:3)
  A giant cockroach (D:2)
  5 goblins (D:2)
  6 hobgoblins
  3 jackals (D:1)
  5 kobolds
  3 bats
  4 giant newts
  9 rats
54 creatures vanquished.

Vanquished Creatures (others)
  An orc (D:5)
  A giant cockroach (D:5)
2 creatures vanquished.

Grand Total: 56 creatures vanquished

Notes
Turn   | Place    | Note
--------------------------------------------------------------
     0 | D:1      | Ijustatesigmund the Halfling Hunter began the quest for the Orb.
     0 | D:1      | Reached XP level 1. HP: 14/14 MP: 1/1
    36 | D:1      | Reached skill level 1 in Short Blades
   302 | D:1      | Reached XP level 2. HP: 19/19 MP: 2/2
   865 | D:2      | Reached XP level 3. HP: 25/25 MP: 3/3
  1105 | D:2      | Found a hazy altar of Hepliaklqana.
  1106 | D:2      | Found a snail-covered altar of Cheibriados.
  1106 | D:2      | Found a glowing golden altar of the Shining One.
  1109 | D:2      | Found a stormy altar of Qazlal.
  1117 | D:2      | Reached XP level 4. HP: 30/30 MP: 4/4
  1943 | D:3      | Reached XP level 5. HP: 28/36 MP: 5/5
  2155 | D:3      | Noticed Grinder
  2397 | D:4      | Noticed an ogre
  2471 | D:4      | Noticed Menkaure
  2471 | D:4      | Killed an ogre
  2471 | D:4      | Reached skill level 5 in Short Blades
  2471 | D:4      | Reached XP level 6. HP: 24/43 MP: 6/6
  2482 | D:5      | Entered Level 5 of the Dungeon
  2634 | D:5      | Found a shimmering altar of Xom.
  2638 | D:5      | Noticed an ice beast
  2671 | D:5      | Killed an ice beast
  2675 | D:5      | Slain by a centaur

Vault maps used:
D:1:      dpeg_arrival_simpleton_b
D:2:      kennysheep_big_flooded_room, grunt_temple_overflow_open
D:3:      portal_sewer_entry_b, first_bread, grunt_gozag_breadcrumbs,
          uniq_robin, uniq_terence, uniq_grinder
D:4:      nicolae_overflow_crystal_walls, old_standard_altar, moated_statue,
          uniq_blork_the_orc, uniq_menkaure
D:5:      lemuel_doored_altar, overflow_temple_1_default, basic_altar,
          xom_confusion_cloud

Skill      XL: |  1  2  3  4  5 |
---------------+----------------+-----
Short Blades   | 1 2 3 5 |  5.6
Fighting       | 2 3 4 |  4.5
Slings         | |  5.8
Dodging        | |  2.1
Stealth        | |  1.1

Action                   |  1- 3 |  4- 6 || total
-------------------------+-------+-------++-------
Melee: Short sword       |       |   173 ||   173
 Fire: Hunting sling     |    73 |    21 ||    94
  Use: Scroll            |     5 |     5 ||    10
       Potion            |       |     3 ||     3
 Stab: Sleeping          |       |     1 ||     1
  Eat: Chunk             |       |     4 ||     4
       Beef jerky        |       |     1 ||     1
Armor: Leather armour    |     2 |    30 ||    32
Dodge: Dodged            |     7 |   145 ||   152
Block: Other             |     3 |    42 ||    45
       Reflection        |       |     1 ||     1
